 Dungeon Crawl Stone Soup version 0.29-a0-923-g6e406bff71 (webtiles) character file.

Game seed: 15559055836379937124

658 pokeman the Thaumaturge (level 7, -2/38 HPs)
             Began as a Deep Elf Hedge Wizard on July 27, 2022.
             Slain by a yak (4 damage)
             ... on level 7 of the Dungeon.
             The game lasted 00:08:37 (3922 turns).

pokeman the Thaumaturge (Deep Elf Hedge Wizard)     Turns: 3922, Time: 00:08:37

Health: -2/38      AC:  4    Str:  7    XL:     7   Next: 30%
Magic:  2/20       EV: 12    Int: 21    God:
Gold:   128        SH:  0    Dex: 14    Spells: 11/22 levels left

rFire   + . .      SeeInvis .   n - +0 sling
rCold   x . .      Faith    .   (no shield)
rNeg    . . .      Spirit   .   o - +0 leather armour
rPois   .          Reflect  .   c - +0 hat
rElec   .          Harm     .   (no cloak)
rCorr   .          Rampage  .   t - +0 pair of gloves {infuse}
Will    .....                   (no boots)
Stlth   ++........              (no amulet)
HPRegen 0.12/turn               a - ring of fire
MPRegen 0.17/turn               (no ring)

@: no status effects
A: no striking features
a: no special abilities


You were on level 7 of the Dungeon.
You visited 1 branch of the dungeon, and saw 5 of its levels.

You collected 128 gold pieces.

Inventory:

Hand Weapons
 n - a +0 sling (weapon)
Missiles
 s - 3 curare-tipped darts
Armour
 c - a +0 hat (worn)
 o - a +0 leather armour (worn)
 t - a +0 pair of gloves of infusion (worn)
Jewellery
 a - a ring of fire (left hand)
Scrolls
 e - a scroll of brand weapon {unknown}
 g - a scroll of butterflies {unknown}
 j - 3 scrolls of identify {unknown}
 l - 2 scrolls of immolation {unknown}
 m - a scroll of amnesia {unknown}
 p - a scroll of vulnerability {unknown}
 r - a scroll of summoning {unknown}
Potions
 b - a potion of ambrosia {unknown}
 d - 2 potions of magic
 f - a potion of berserk rage {unknown}
 h - a potion of flight {unknown}
 i - 4 potions of lignification {unknown}
 k - 3 potions of curing {unknown}
 q - a potion of brilliance {unknown}


   Skills:
 + Level 1.1 Fighting
 - Level 1.0 Armour
 - Level 4.0 Dodging
 - Level 3.1 Stealth
 * Level 8.0 Spellcasting
 + Level 3.8 Conjurations
 - Level 1.1 Summonings
 - Level 1.1 Translocations
 + Level 1.1 Fire Magic
 - Level 1.0 Air Magic
 - Level 2.2 Poison Magic


You had 11 spell levels left.
You knew the following spells:

 Your Spells              Type           Power      Damage    Failure   Level
a - Magic Dart            Conj           96%        1d7       2%          1
b - Mephitic Cloud        Conj/Pois/Air  18%        N/A       13%         3
c - Call Imp              Summ           13%        N/A       11%         2
d - Blink                 Tloc           26%        N/A       11%         2
e - Conjure Flame         Conj/Fire      28%        6-21      12%         3

Your spell library contained the following spells:

 Spells                   Type           Power      Damage    Failure   Level
 Slow                     Hex            32%        N/A       12%         1


Dungeon Overview and Level Annotations

Branches:
Dungeon (7/15)
 Temple: D:4-7

Altars:
Gozag
Yredelemnul
Zin


Message History

Aim: a yak (flame) Attack!
The yak is engulfed in blazing flames.
The yak gores your crimson imp!
Your crimson imp dies!
Your crimson imp disappears in a puff of smoke!
Unknown command.
The yak is engulfed in blazing flames.
The yak barely misses you.
Casting: Call Imp (safe; 12% risk of failure)
Confirm with . or Enter, or press ? or * to list all spells.
A beastly little devil appears in a puff of flame.
The yak is engulfed in blazing flames.
The yak gores you but does no damage.
Unknown command.
Fire: n) +0 sling
Press: ? - help, Q - select action, (/) - cycle Shift-Dir - straight line, f/p - yak
Aim: a yak (flame, almost dead, ally target, 67% to hit)
You shoot a sling bullet. The sling bullet hits the yak.
The yak is almost dead.
Your crimson imp blinks!
The yak is engulfed in blazing flames.
You kill the yak!
Your Spellcasting skill increases to level 8!
Your Fire Magic skill increases to level 1!
Your Air Magic skill increases to level 1!
You have reached level 7!
Unknown command.
Fire: n) +0 sling
Press: ? - help, Q - select action, (/) - cycle Shift-Dir - straight line, f - yak
Aim: a yak (flame, 67% to hit)
You shoot a sling bullet. The sling bullet hits the yak.
The yak is lightly wounded.
The yak is engulfed in blazing flames.
The yak gores you!
* * * LOW HITPOINT WARNING * * *
Fire: n) +0 sling
Press: ? - help, Q - select action, (/) - cycle Shift-Dir - straight line, f/p - yak
Aim: a yak (heavily wounded, ally target, 67% to hit)
You shoot a sling bullet.
The sling bullet closely misses the yak.
The yak gores you!
* * * LOW HITPOINT WARNING * * *
The yak gores you.
You die...

#.########
######....@Y..#
#....5....###.#
#.........#
#.#+###
#.........#
#Y....#
#.........#
#.Y...#
#.........#
#..$..#
#.........#
#.#+### ####..###
#Y#
####..#####.#.#.$.


You could see a yak (ally target) and a friendly crimson imp (summoned).

Vanquished Creatures
  3 yaks (D:7)
  A gnoll sergeant (D:4)
  An orc wizard (D:4)
  6 gnolls
  3 dart slugs
  8 orcs
  2 bats (D:2)
  2 endoplasms
  A giant cockroach (D:2)
  6 goblins
  2 hobgoblins
  2 jackals (D:1)
  6 kobolds
  4 quokkas
  5 ball pythons
  2 frilled lizards (D:1)
  7 rats
61 creatures vanquished.

Notes
Turn   | Place    | Note
-------+----------+-------------------------------------------
     0 | D:1      | pokeman the Deep Elf Hedge Wizard began the quest for the
                  | Orb.
     0 | D:1      | Reached XP level 1. HP: 10/10 MP: 7/7
   326 | D:1      | Found a faded altar of an unknown god.
   444 | D:1      | Reached XP level 2. HP: 11/16 MP: 1/9
  1410 | D:2      | Reached skill level 5 in Spellcasting
  1919 | D:1      | Reached XP level 3. HP: 14/20 MP: 8/11
  1923 | D:1      | Learned a level 3 spell: Mephitic Cloud
  1926 | D:1      | Learned a level 2 spell: Call Imp
  1929 | D:1      | Learned a level 2 spell: Blink
  1933 | D:1      | Learned a level 3 spell: Conjure Flame
  2080 | D:2      | Reached skill level 1 in Fighting
  2431 | D:2      | Reached skill level 1 in Armour
  3027 | D:3      | Reached XP level 4. HP: 25/25 MP: 11/13
  3535 | D:3      | Found a basalt altar of Yredelemnul.
  3535 | D:3      | Found a glowing silver altar of Zin.
  3536 | D:3      | Found an opulent altar of Gozag.
  3626 | D:4      | Noticed a gnoll sergeant
  3635 | D:4      | Killed a gnoll sergeant
  3636 | D:4      | Reached skill level 6 in Spellcasting
  3636 | D:4      | Reached XP level 5. HP: 29/29 MP: 8/15
  3883 | D:4      | You fall into a shaft and drop 3 floors!
  3886 | D:7      | Noticed a yak
  3886 | D:7      | Noticed a yak
  3886 | D:7      | Noticed a yak
  3886 | D:7      | Noticed a yak
  3886 | D:7      | Noticed a yak
  3910 | D:7      | Killed a yak
  3911 | D:7      | Reached skill level 7 in Spellcasting
  3911 | D:7      | Reached skill level 1 in Poison Magic
  3911 | D:7      | Reached XP level 6. HP: 15/34 MP: 1/18
  3915 | D:7      | Killed a yak
  3920 | D:7      | Killed a yak
  3921 | D:7      | Reached skill level 8 in Spellcasting
  3921 | D:7      | Reached skill level 1 in Fire Magic
  3921 | D:7      | Reached skill level 1 in Air Magic
  3921 | D:7      | Reached XP level 7. HP: 18/38 MP: 1/20
  3922 | D:7      | Slain by a yak

Illustrated notes

Levels and vault maps discovered:
D:1:      lightli_arrival_noodles, layout_basic,
          hellmonk_ecumenical_altar_zigzags
D:2:      layout_basic
D:3:      layout_basic, gammafunk_temple_overflow_forgotten
D:4:      minmay_wonky_spiral, layout_loops_corners,
          nicolae_overflow_hidden_temple, serial_shops, shop,
          gup_sewer_entry_bowl, gammafunk_ghost_gnarly_gnolls,
          kennysheep_generic_room_10
D:7:      layout_basic, mainiacjoe_overflow_small_starburst,
          minmay_temple_entry_sparse_star

Skill      XL: |  1  2  3  4  5  6 |
---------------+-------------------+-----
Spellcasting   | 5 6 7 8 |  8.0
Fighting       | 1 |  1.1
Armour         | 1 |  1.0
Conjurations   | 2 3 |  3.8
Stealth        | 3 |  3.1
Dodging        | 3 4 |  4.0
Poison Magic   | 1 2 |  2.2
Fire Magic     | 1 |  1.1
Air Magic      | 1 |  1.0
Summonings     | |  1.1
Translocations | |  1.1

Action                   |  1- 3 |  4- 6 |  7- 9 || total
-------------------------+-------+-------+-------++-------
Melee: Dagger            |    14 |       |       ||    14
 Fire: Sling             |    52 |    49 |     2 ||   103
 Cast: Magic Dart        |    74 |    10 |       ||    84
       Conjure Flame     |     2 |     4 |       ||     6
       Mephitic Cloud    |     1 |     4 |       ||     5
       Call Imp          |       |     3 |       ||     3
Armor: Robe              |    14 |       |       ||    14
       Leather armour    |     1 |     3 |       ||     4
Dodge: Dodged            |    25 |    18 |       ||    43

Table legend: (Time is in decaauts)
 A = Elapsed time spent in this place.
 B = Non-inter-level travel time spent in this place.
 C = Inter-level travel time spent in this place.
 D = Time resting spent in this place.
 E = Time spent auto-exploring this place.
 F = Levels seen in this place.
 G = Mean time per level.
                   A        B        C        D        E       F      G
               +--------+--------+--------+--------+--------+-----+--------+
         Total |   3969 |   3787 |    182 |    236 |   2788 |   5 |  793.8 |
       Dungeon |   3969 |   3787 |    182 |    236 |   2788 |   5 |  793.8 |
               +--------+--------+--------+--------+--------+-----+--------+

Top non-repeatable levels by time:
     D:2: 1407 daAuts
     D:1: 1280 daAuts
     D:3: 1065 daAuts
     D:4: 176 daAuts
     D:7: 39 daAuts
